 Dungeon Crawl Stone Soup version 0.31-a0-177-g4aa6249778 (webtiles) character file.

Game seed: 399100836007260878

598 qw the Shooter (level 7, -1/64 HPs)
             Began as a Naga Hunter on June 18, 2023.
             Slain by a gnoll
             ... wielding a +0 flail
             ... led by a gnoll bouda
              (7 damage)
             ... on level 4 of the Dungeon.
             The game lasted 00:01:14 (3273 turns).

qw the Shooter (Naga Hunter)                        Turns: 3273, Time: 00:01:14

Health: -1/64      AC:  5    Str: 13    XL:     7   Next: 40%
Magic:  7/7        EV: 10    Int: 10    God:
Gold:   216        SH:  0    Dex: 18    Spells: 6/6 levels left

rFire   + . .        Y - +0 shortbow
rCold   . . .        (shield currently unavailable)
rNeg    . . .        e - +0 robe of Mumblety Peg {rF+ Dex+2}
rPois   +            a - +0 helmet
rElec   .            (no cloak)
rCorr   .            f - +0 pair of gloves
SInv    +            (no barding)
Will    .....        (no amulet)
Stlth   ++           (no ring)
HPRegen 0.30/turn    (no ring)
MPRegen 0.10/turn

%: no passive effects
@: short of breath, very slow
A: AC +2, large, see invisible, deformed body, poison resistance, slowness 2,
spit poison 1, naga tail 1
a: Spit Poison


You were on level 4 of the Dungeon.
You visited 1 branch of the dungeon, and saw 7 of its levels.

You collected 216 gold pieces.


Innate Abilities, Weirdness & Mutations

Your serpentine skin is tough. (AC +2)
You have supernaturally acute eyesight. (SInv)
Armour fits poorly on your strangely shaped body.
Your system is resistant to poisons. (rPois)
You cover ground very slowly.
You can spit poison.
You have a snake-like lower body.


   Skills:
 - Level 4.2 Fighting
 + Level 7.0 Ranged Weapons
 - Level 2.1 Dodging
 - Level 1.5 Stealth


You had 6 spell levels left.
You didn't know any spells.
Your spell library was empty.

Inventory:

Hand Weapons
 Y - a +0 shortbow (weapon)
Armour
 a - a +0 helmet (worn)
 d - the +3 ring mail of Usilodab {Stlth+}
   (You found it on level 3 of the Dungeon)

   Stlth:     It makes you more stealthy.
 e - the +0 robe of Mumblety Peg (worn) {rF+ Dex+2}
   (You found it on level 2 of the Dungeon)

   Dex:       It affects your dexterity (+2).
   rF:        It protects you from fire.
 f - a +0 pair of gloves (worn)
Scrolls
 b - 2 scrolls of identify
Potions
 c - a potion of lignification {unknown}
 g - 2 potions of enlightenment
 i - 3 potions of curing

Dungeon Overview and Level Annotations

Branches:
Dungeon (7/15)
 Temple: D:4-7

Altars:
Kikubaaqudgha
Trog
Wu Jian

Shops:
D:7 =

Annotations:
D:5 3 runed translucent doors, qw's ghost, novice GrFi


Message History

The gnoll hits you but does no damage.
3269 ||| INVOKING Spit Poison.
Aiming: Spit Poison (1% risk of failure)
Press: ? - help, Shift-Dir - straight line, f/p - iguana The splash of poison hits the iguana.
The iguana is severely wounded.
The gnoll barely misses you.
The gnoll bouda barks out a call to the hunt!
The gnolls pick up the pace!
The gnoll hits you from afar with a +0 halberd!
The iguana bites you!
You shoot an arrow. The arrow hits the iguana.
The iguana is almost dead.
A gnoll comes into view. It is wielding a +0 club.
The gnoll barely misses you.
The gnoll hits you from afar with a +0 halberd.
The iguana bites you but does no damage.
The gnoll closely misses you.
You shoot an arrow. The arrow hits the iguana.
You kill the iguana!
You have got your breath back.
The gnoll barely misses you.
The gnoll hits you from afar with a +0 spear.
The gnoll barely misses you.
Your Ranged Weapons skill increases to level 7!
3272 ||| INVOKING Spit Poison.
Aiming: Spit Poison (1% risk of failure)
Press: ? - help, Shift-Dir - straight line, f - gnoll bouda The splash of poison hits the gnoll bouda.
The gnoll bouda is lightly wounded.
The gnoll closely misses you.
The gnoll bouda hits you with a +0 whip!
The gnoll hits you from afar with a +0 halberd!
The gnoll hits you with a +0 flail.
You shoot an arrow.
The arrow barely misses the gnoll bouda.
The arrow barely misses the gnoll. x2
The gnoll hits you from afar with a +0 halberd!
The gnoll hits you but does no damage. The gnoll hits you with a +0 flail!
You die...

#..........#
#......
##.........#
#......
##........#
#......
##.......#
#......
##..#####
##.....
##..### #..)..
#.....##
###...
##......##
#g@........
#.g.%.......
#..ggg.......
#..#.)........
#..#.....[....
.# ## #..
#..........
...##.# #..#
#...[.....
........ ...
..........
..#.....
........


You could see a gnoll bouda and 4 gnolls.

Vanquished Creatures
  An ice beast (D:6)
  An ogre (D:6)
  2 scorpions (D:6)
  A howler monkey (D:6)
  A hound (D:6)
  A sleepcap (D:6)
  An iguana (D:4)
  A gnoll (D:4)
  9 adders
  An ufetubus (D:6)
  2 dart slugs
  2 orcs (D:3)
  4 endoplasms (D:2)
  4 giant cockroaches
  9 goblins
  9 hobgoblins
  3 jackals (D:1)
  6 kobolds
  5 quokkas
  7 ball pythons
  4 bats
  8 rats
82 creatures vanquished.

Notes
Turn   | Place    | Note
-------+----------+-------------------------------------------
     0 | D:1      | qw the Naga Hunter began the quest for the Orb.
     0 | D:1      | Reached XP level 1. HP: 19/19 MP: 1/1
     0 | D:1      | 0 ||| qw: Version: 0.3-a-7-ge0c9b40
     0 | D:1      | 0 ||| qw: Game counter: 728
     0 | D:1      | 0 ||| qw: Always use a shield: true
     0 | D:1      | 0 ||| qw: God list: Okawaru
     0 | D:1      | 0 ||| qw: Allow faded altars: false
     0 | D:1      | 0 ||| qw: Do Orc after D:15 true
     0 | D:1      | 0 ||| qw: Do second Lair branch before Depths: true
     0 | D:1      | 0 ||| qw: Lair rune preference: random
     0 | D:1      | 0 ||| qw: Plans: Normal
     0 | D:1      | 0 ||| PLANNING D:1-11
    25 | D:1      | 25 ||| INVOKING Spit Poison.
    30 | D:1      | 30 ||| INVOKING Spit Poison.
    68 | D:1      | 68 ||| INVOKING Spit Poison.
   103 | D:1      | 103 ||| INVOKING Spit Poison.
   106 | D:1      | 106 ||| INVOKING Spit Poison.
   108 | D:1      | Reached skill level 4 in Ranged Weapons
   108 | D:1      | Reached XP level 2. HP: 18/26 MP: 2/2
   141 | D:1      | 141 ||| INVOKING Spit Poison.
   188 | D:1      | 188 ||| INVOKING Spit Poison.
   212 | D:1      | 212 ||| FLEEEEING.
   214 | D:1      | 214 ||| FLEEEEING.
   215 | D:1      | 215 ||| FLEEEEING.
   222 | D:1      | 222 ||| INVOKING Spit Poison.
   247 | D:1      | 247 ||| INVOKING Spit Poison.
   349 | D:1      | 349 ||| INVOKING Spit Poison.
   365 | D:1      | 365 ||| INVOKING Spit Poison.
   366 | D:1      | 366 ||| INVOKING Spit Poison.
   452 | D:1      | 452 ||| INVOKING Spit Poison.
   456 | D:1      | 456 ||| INVOKING Spit Poison.
   461 | D:1      | 461 ||| INVOKING Spit Poison.
   462 | D:1      | Reached XP level 3. HP: 13/32 MP: 3/3
   566 | D:1      | 566 ||| INVOKING Spit Poison.
   574 | D:1      | 574 ||| INVOKING Spit Poison.
   682 | D:1      | 682 ||| INVOKING Spit Poison.
   847 | D:1      | 847 ||| UPGRADING to +0 pair of gloves.
   852 | D:1      | 852 ||| READING scroll labelled PUTAIB BAE.
   853 | D:1      | 853 ||| READING 2 scrolls labelled QUENWI BEIR.
   854 | D:1      | 854 ||| READING scroll labelled ONODEY COUCS.
   855 | D:1      | 855 ||| DRINKING 2 sedimented cyan potions.
   856 | D:1      | 856 ||| DRINKING 2 purple potions.
   857 | D:1      | 857 ||| DROPPING scroll of butterflies.
   858 | D:1      | 858 ||| DROPPING potion of brilliance.
   859 | D:1      | 859 ||| DROPPING scroll of immolation.
   860 | D:1      | 860 ||| DROPPING potion of invisibility.
   917 | D:2      | 917 ||| INVOKING Spit Poison.
   978 | D:2      | 978 ||| INVOKING Spit Poison.
   982 | D:2      | 982 ||| INVOKING Spit Poison.
  1026 | D:2      | 1026 ||| INVOKING Spit Poison.
  1037 | D:2      | 1037 ||| INVOKING Spit Poison.
  1072 | D:2      | 1072 ||| INVOKING Spit Poison.
  1077 | D:2      | 1077 ||| INVOKING Spit Poison.
  1099 | D:2      | 1099 ||| INVOKING Spit Poison.
  1103 | D:2      | 1103 ||| INVOKING Spit Poison.
  1142 | D:2      | 1142 ||| INVOKING Spit Poison.
  1144 | D:2      | Reached skill level 5 in Ranged Weapons
  1145 | D:2      | Reached XP level 4. HP: 39/39 MP: 4/4
  1149 | D:2      | 1149 ||| INVOKING Spit Poison.
  1156 | D:2      | 1156 ||| INVOKING Spit Poison.
  1171 | D:2      | 1171 ||| INVOKING Spit Poison.
  1187 | D:2      | 1187 ||| INVOKING Spit Poison.
  1228 | D:2      | Identified the +0 robe of Mumblety Peg {rF+ Dex+2}
  1319 | D:2      | 1319 ||| INVOKING Spit Poison.
  1377 | D:2      | 1377 ||| INVOKING Spit Poison.
  1423 | D:2      | 1423 ||| INVOKING Spit Poison.
  1438 | D:2      | 1438 ||| INVOKING Spit Poison.
  1497 | D:2      | 1497 ||| INVOKING Spit Poison.
  1532 | D:2      | 1532 ||| UPGRADING to +0 helmet.
  1537 | D:2      | 1537 ||| UPGRADING to +0 robe of Mumblety Peg {rF+ Dex+2}.
  1547 | D:2      | 1547 ||| DROPPING +0 leather armour.
  1548 | D:2      | 1548 ||| READING scroll labelled WUWNID ICACUSS.
  1549 | D:2      | 1549 ||| DRINKING 2 white potions.
  1550 | D:2      | 1550 ||| READING 2 scrolls of identify.
  1550 | D:2      | 1550 ||| IDENTIFYING lumpy ruby potion
  1559 | D:3      | 1559 ||| INVOKING Spit Poison.
  1560 | D:3      | Reached skill level 3 in Fighting
  1565 | D:3      | 1565 ||| INVOKING Spit Poison.
  1620 | D:3      | Found an ornate altar of the Wu Jian Council.
  1649 | D:3      | 1649 ||| INVOKING Spit Poison.
  1659 | D:3      | 1659 ||| INVOKING Spit Poison.
  1662 | D:3      | 1662 ||| INVOKING Spit Poison.
  1668 | D:3      | 1668 ||| INVOKING Spit Poison.
  1764 | D:3      | Identified the +3 ring mail of Usilodab {Stlth+}
  1788 | D:3      | Reached XP level 5. HP: 49/49 MP: 5/5
  1793 | D:3      | 1793 ||| INVOKING Spit Poison.
  1804 | D:3      | 1804 ||| INVOKING Spit Poison.
  1827 | D:3      | 1827 ||| INVOKING Spit Poison.
  1896 | D:3      | 1896 ||| INVOKING Spit Poison.
  1963 | D:3      | 1963 ||| INVOKING Spit Poison.
  2250 | D:3      | 2250 ||| INVOKING Spit Poison.
  2253 | D:3      | 2253 ||| INVOKING Spit Poison.
  2258 | D:3      | 2258 ||| INVOKING Spit Poison.
  2416 | D:3      | 2416 ||| READING 2 scrolls labelled UDWEHUKUNE.
  2417 | D:3      | 2417 ||| READING 4 scrolls of identify.
  2417 | D:3      | 2417 ||| IDENTIFYING viscous golden potion
  2418 | D:3      | 2418 ||| READING 3 scrolls of identify.
  2418 | D:3      | 2418 ||| IDENTIFYING orange potion
  2419 | D:3      | 2419 ||| DROPPING scroll of amnesia.
  2420 | D:3      | 2420 ||| DROPPING potion of berserk rage.
  2421 | D:3      | 2421 ||| DROPPING potion of ambrosia.
  2488 | D:4      | You fall into a shaft and drop 3 floors!
  2511 | D:7      | 2511 ||| READING scroll labelled MASEPTAEGI.
  2517 | D:7      | Found Madov's Jewellery Emporium.
  2521 | D:6      | 2521 ||| INVOKING Spit Poison.
  2587 | D:6      | Noticed an ogre
  2589 | D:6      | 2589 ||| INVOKING Spit Poison.
  2594 | D:6      | 2594 ||| INVOKING Spit Poison.
  2594 | D:6      | Killed an ogre
  2595 | D:6      | Reached skill level 6 in Ranged Weapons
  2595 | D:6      | Reached XP level 6. HP: 56/56 MP: 6/6
  2604 | D:6      | 2604 ||| INVOKING Spit Poison.
  2607 | D:6      | 2607 ||| INVOKING Spit Poison.
  2628 | D:6      | Found a bloodstained altar of Trog.
  2690 | D:6      | Found an ancient bone altar of Kikubaaqudgha.
  2764 | D:6      | 2764 ||| INVOKING Spit Poison.
  2801 | D:6      | Reached XP level 7. HP: 42/63 MP: 7/7
  2914 | D:6      | 2914 ||| INVOKING Spit Poison.
  2919 | D:6      | 2919 ||| INVOKING Spit Poison.
  2922 | D:6      | 2922 ||| INVOKING Spit Poison.
  2925 | D:6      | 2925 ||| INVOKING Spit Poison.
  2942 | D:6      | HP: 14/64 [ice beast (11)]
  2943 | D:6      | HP: 3/64 [ice beast (8)]
  3173 | D:5      | Entered Level 5 of the Dungeon
  3192 | D:5      | Found a runed translucent gate.
  3192 | D:5      | Found a runed translucent gate.
  3192 | D:5      | Found a runed translucent gate.
  3192 | D:5      | Noticed qw's ghost (novice GrFi)
  3263 | D:4      | 3263 ||| INVOKING Spit Poison.
  3269 | D:4      | 3269 ||| INVOKING Spit Poison.
  3272 | D:4      | Reached skill level 7 in Ranged Weapons
  3272 | D:4      | 3272 ||| INVOKING Spit Poison.
  3272 | D:4      | HP: 15/64 [gnoll/+0 flail[a gnoll bouda] (5)]
  3273 | D:4      | HP: 6/64 [gnoll/+0 halberd[a gnoll bouda] (9)]
  3273 | D:4      | Slain by a gnoll

Levels and vault maps discovered:
D:1:      dpeg_arrival_ternary, layout_basic, minmay_cupped
D:2:      layout_basic
D:3:      layout_basic, nzn_wu_jian_council_hall, grunt_ministairs_4
D:4:      layout_cave_pods, slow_altar_1, uniq_sigmund
D:5:      layout_basic, nicolae_overflow_hidden_temple,
          overflow_temple_1_default, mainiacjoe_overflow_concentric_impassable,
          gammafunk_ghost_nasty_kobolds, serial_shops,
          nicolae_shop_back_alley_shop, minmay_bent, uniq_prince_ribbit1
D:6:      layout_loops_ring, mainiacjoe_overflow_cross_hatched,
          marbit_many_paths, kiku_gazebo_pond_becter, temple_doors_cd,
          roderic_lattice_a
D:7:      layout_basic, serial_shops, shop

Skill      XL: |  1  2  3  4  5  6  7 |
---------------+----------------------+-----
Ranged Weapons | 4 5 6 7 |  7.0
Fighting       | 3 4 |  4.2
Dodging        | 2 |  2.1
Stealth        | |  1.5

Action                     |  1- 3 |  4- 6 |  7- 9 || total
---------------------------+-------+-------+-------++-------
   Fire: Shortbow          |    73 |    84 |    42 ||   199
Ability: Spit Poison       |    27 |    29 |     7 ||    63
    Use: Scroll            |     3 |     6 |       ||     9
         Potion            |     2 |     1 |       ||     3
 Armour: Leather armour    |     7 |       |       ||     7
         Robe              |       |     7 |    24 ||    31
  Dodge: Dodged            |    14 |    15 |    29 ||    58

Table legend:
 A = Non-vault XP
 B = Vault XP
 C = Vault XP percentage of total XP
 D = Non-vault monster count
 E = Vault monster count
 F = Vault count percentage of total count
                 A         B        C        D         E       F
            +---------+---------+-------+---------+---------+-------
      Total |     846 |       9 |   1.1 |      77 |       5 |   6.1
            +---------+---------+-------+---------+---------+-------
        D:1 |      40 |       7 |  14.9 |      25 |       4 |  13.8
        D:2 |      78 |       0 |   0.0 |      24 |       0 |   0.0
        D:3 |      88 |       2 |   2.2 |      16 |       1 |   5.9
        D:4 |      51 |       0 |   0.0 |       3 |       0 |   0.0
        D:6 |     589 |       0 |   0.0 |       9 |       0 |   0.0
            +---------+---------+-------+---------+---------+-------
